 Dungeon Crawl Stone Soup version 0.18-a0-1203-gbde16db (webtiles) character file.

10647 M4edhros the Covert (level 11, -5/64 HPs)
             Began as an Octopode Artificer on Jan 31, 2016.
             Was a Priest of Fedhas.
             Shot with an arrow by a centaur (13 damage)
             ... on level 11 of the Dungeon.
             The game lasted 00:26:26 (11216 turns).

M4edhros the Covert (Octopode Artificer)           Turns: 11216, Time: 00:26:27

Health: -5/64      AC:  2    Str: 10    XL:     11   Next: 65%
Magic:  14/14      EV: 15    Int: 18    God:    Fedhas [***...]
Gold:   412        SH: 15    Dex: 11    Spells: 1 memorised, 7 levels left

rFire  . . .     SeeInvis +     w - +11 dagger of the Apocalypse {flame, rC+ MR++}
rCold  + . .     Gourm    .     D - +0 shield
rNeg   . . .     Faith    .     (helmet restricted)
rPois  .         Spirit   .     v - +4 amulet of reflection
rElec  .         Dismiss  .     p - ring of protection from magic
rCorr  .         Reflect  +     s - ring of sustain attributes
SustAt +         Harm     .     N - ring of see invisible
MR     +++..                    (no ring)
Stlth  +++++++...               (no ring)
                                (no ring)
                                (no ring)
                                (no ring)

@: extremely resistant to hostile enchantments, extremely stealthy
A: almost no armour, amphibious, 8 rings, constrict 8, rugged brown scales 1,
camouflage 1, blurry vision 1, clumsy 1, gelatinous body 1
a: Evolution, Sunlight, Growth, Renounce Religion


You were on level 11 of the Dungeon.
You worshipped Fedhas.
Fedhas was most pleased with you.
You were not hungry.

You visited 2 branches of the dungeon, and saw 12 of its levels.

You collected 753 gold pieces.
You spent 341 gold pieces at shops.

Inventory:

Hand Weapons
 w - the +11 dagger of the Apocalypse (weapon) {flame, rC+ MR++}
   (You found it on level 5 of the Dungeon)

   It has been specially enchanted to burn those struck by it, causing extra
   injury to most foes and up to half again as much damage against particularly
   susceptible opponents.
   It protects you from cold.
   It affects your resistance to hostile enchantments.
 x - a +2 short sword of venom
 O - a +0 hunting sling
 S - a +0 blowgun
Missiles
 g - 25 poisoned sling bullets
 i - 83 sling bullets
 j - 383 stones (quivered)
 Z - 14 poisoned needles
Armour
 D - a +0 shield (worn)
Jewellery
 p - a ring of protection from magic (left tentacle)
 s - a ring of sustain attributes (right tentacle)
 v - a +4 amulet of reflection (around mantle)
 N - a ring of see invisible (on tentacle)
Wands
 b - a wand of flame (0/48)
 c - a wand of enslavement (0/24)
 d - a wand of random effects (0/48)
 h - a wand of random effects (0/48)
 m - a wand of fireball (6/15)
 r - a wand of lightning (5/15)
 u - a wand of digging (15/24)
 E - a wand of paralysis (11/24)
 F - a wand of confusion (5/48)
 I - a wand of paralysis (12/24)
 J - a wand of digging (11/24)
 K - a wand of random effects (27/48)
 L - a wand of slowing (26/48)
 Y - a wand of draining (9/15)
Scrolls
 n - 2 scrolls of enchant weapon
 o - 7 scrolls of remove curse
 q - a scroll of recharging {unknown}
 t - 2 scrolls of enchant armour {unknown}
 Q - 2 scrolls of teleportation
 X - a scroll of fear
Potions
 e - a potion of haste
Books
 a - a book of Battle

   Spells                             Type                      Level
   a - Infusion                       Charms                       1
   b - Shroud of Golubria             Charms/Translocation         2
   c - Song of Slaying                Charms                       2
   d - Spectral Weapon                Hexes/Charms                 3
   e - Regeneration                   Charms/Necromancy            3
 M - a book of Death

   Spells                             Type                      Level
   a - Corpse Rot                     Necromancy                   2
   b - Sublimation of Blood           Necromancy                   2
   c - Agony                          Necromancy                   5
   d - Dispel Undead                  Necromancy                   5
   e - Excruciating Wounds            Charms/Necromancy            5
   f - Bolt of Draining               Conjuration/Necromancy       5
 P - a book of Debilitation

   Spells                             Type                      Level
   a - Corona                         Hexes                        1
   b - Slow                           Hexes                        2
   c - Gell's Gravitas                Hexes/Translocation          3
   d - Inner Flame                    Hexes/Fire                   3
   e - Cause Fear                     Hexes                        4
   f - Leda's Liquefaction            Hexes/Earth                  4
 T - a book of Ice

   Spells                             Type                      Level
   a - Ice Form                       Ice/Transmutation            4
   b - Metabolic Englaciation         Hexes/Ice                    5
   c - Ozocubu's Refrigeration        Ice                          6
   d - Bolt of Cold                   Conjuration/Ice              6
   e - Freezing Cloud                 Conjuration/Ice/Air          6
   f - Simulacrum                     Ice/Necromancy               6
Miscellaneous
 G - a box of beasts
Comestibles
 f - a bread ration
 k - 8 meat rations
 z - 7 beef jerkies
 R - 2 fruits


   Skills:
 - Level 1.0 Fighting
 - Level 5.8 Short Blades
 - Level 9.2 Dodging
 - Level 12.2 Stealth
 + Level 10.7 Shields
 - Level 3.1 Invocations
 - Level 4.9 Evocations


You had 7 spell levels left.
You knew the following spells:

 Your Spells              Type           Power        Failure   Level  Hunger
a - Regeneration          Chrm/Necr      #.........   92%         3    ####...


Dungeon Overview and Level Annotations

Branches:
Dungeon (11/15)            Temple (1/1) D:7            Lair (0/8) D:9
    Orc: D:9-12

Altars:
Ashenzari
Cheibriados
Dithmenos
Elyvilon
Fedhas
Gozag
Kikubaaqudgha
Makhleb
Nemelex Xobeh
Okawaru
Pakellas
Qazlal
Ru
Sif Muna
Trog
Vehumet
Xom
Yredelemnul
Zin
The Shining One
Beogh

Shops:
D:6 *   D:7 *   D:8 [:([}   D:9 }


Innate Abilities, Weirdness & Mutations

You cannot wear most types of armour.
You are amphibious.
You can wear up to eight rings at the same time.
You can use your tentacles to constrict eight enemies at once.
Your skin changes colour to match your surroundings (Stealth).
Your rubbery body absorbs attacks (AC +1).
You are partially covered in rugged brown scales (AC +1, +3% HP).
Scrolls take you a little longer to read.
You are clumsy. (Dex -2)


Message History

The centaur completely misses you.
The centaur wields a shortbow.
The centaur shoots an arrow.
You reflect the arrow off an invisible shield around you!
The arrow hits the centaur!
You block the centaur's attack. The centaur misses you.
You block the centaur's attack.
The centaur shoots an arrow.
The arrow hits you!
* * * LOW HITPOINT WARNING * * *
You see here an arrow.
The centaur closely misses you. You block the centaur's attack.
The centaur wields a shortbow.
The centaur shoots an arrow.
The arrow hits you!
* * * LOW HITPOINT WARNING * * *
You block the centaur's attack.
You see here an arrow.
Drink which item? (? for menu, Esc to quit)
You feel better. The centaur hits you.
* * * LOW HITPOINT WARNING * * *
The centaur closely misses you.
The centaur shoots an arrow.
The arrow hits you!
You die...
Fedhas appreciates your contribution to the ecosystem.

######....#....###########.......
#....######+#.......f...####
#....#,,,,,,#...........'..#
#._..#,,,,,,#...........#..#
#....#,,,,,,+...........#..#
****######,,,,,,#..(........#..'
*,,*,,,,*,,,,,,,#.....(.....#..#
*,,*,,,,#########...........##.#
*,,,****.......@(c..####.....###
***,,* *.......ccc..# #.....#
*,,,,* *........()..# #.....#
*,,,,* *............# #.....#
*,,,,* *......(.....# #.....#
*********########....#*##.....###
,,*,,,,,,,*,,,,,..#####..........
*,*,*****,*,****### #.......÷P.
*,*,*,,,*,*,*,,,* #........P.


You could see 4 centaurs.

Vanquished Creatures
  Pikel (D:6)
  A deep elf mage (D:6)
  The ghost of M4edhros the Covert, a novice OpAr of Fedhas (D:6)
  A komodo dragon (D:11)
  A troll (D:11)
  A polar bear (D:11)
  A two-headed ogre (D:10)
  A vampire (D:11)
  A wyvern (D:11)
  5 orc warriors
  Grum (D:9)
  7 yaks
  A killer bee (D:8)
  3 hippogriffs
  3 wolves (D:9)
  Duvessa (D:5)
  5 ice beasts
  A sky beast (D:10)
  A phantom (D:9)
  4 ogres
  4 centaurs
  2 big kobolds
  3 giant frogs
  Dowan (D:5)
  2 scorpions
  2 wyvern skeletons
  A water moccasin skeleton (D:8)
  5 wights (D:8)
  13 electric eels
  3 crimson imps
  3 jellies
  4 orc priests
  4 giant frog skeletons
  2 hounds
  3 orc wizards
  3 centaur skeletons
  An iguana (D:7)
  5 worker ants
  A sheep (D:11)
  A centaur simulacrum (D:11)
  2 hound skeletons
  A worker ant zombie (D:5)
  7 gnolls
  15 adders
  A hound simulacrum (D:11)
  3 shadow imps
  3 white imps (D:11)
  2 oozes
  An adder zombie (D:5)
  An adder skeleton (D:8)
  3 worms
  7 giant geckos
  20 orcs
  7 bats
  8 giant cockroaches
  4 goblins
  5 hobgoblins
  6 jackals
  7 quokkas
  5 ball pythons
  A giant gecko skeleton (D:4)
  3 giant newts
  A jackal skeleton (D:5)
  A jackal zombie (D:5)
  18 kobolds
  A quokka skeleton (D:9)
  4 rats
241 creatures vanquished.

Vanquished Creatures (collateral kills)
  A hill giant (D:10)
  A cyclops (D:11)
  Joseph (D:10)
  An elephant (D:9)
  A troll (D:9)
  6 orc warriors
  An ice beast (D:11)
  An ogre (D:11)
  A giant frog (D:11)
  A scorpion (D:10)
  6 killer bees
  A hound (D:9)
  3 jellies
  2 orc priests (D:4)
  A giant frog skeleton (D:7)
  An orc wizard (D:4)
  2 sheep
  2 gnolls (D:10)
  A giant gecko (D:10)
  12 orcs
46 creatures vanquished.

Vanquished Creatures (others)
  8 wandering mushrooms
  2 slaves (D:7)
  An electric eel (D:7)
  A big kobold (D:7)
  A gnoll sergeant (D:10)
  A quasit (D:6)
  A gnoll (D:6)
  An iguana (D:5)
  A worker ant (D:7)
  A giant gecko (D:11)
  3 orcs (D:7)
  4 kobolds (D:7)
  A quokka (D:7)
  169 toadstools
195 creatures vanquished.

Grand Total: 482 creatures vanquished

Notes
Turn   | Place    | Note
--------------------------------------------------------------
     0 | D:1      | M4edhros the Octopode Artificer began the quest for the Orb.
     0 | D:1      | Reached XP level 1. HP: 13/13 MP: 3/3
   108 | D:1      | Reached XP level 2. HP: 18/18 MP: 4/4
   358 | D:2      | Reached XP level 3. HP: 17/23 MP: 5/5
   810 | D:4      | Found an iron altar of Okawaru.
   810 | D:4      | Found a shattered altar of Ashenzari.
   884 | D:4      | Reached XP level 4. HP: 21/28 MP: 6/6
   891 | D:4      | Noticed an orc warrior
   934 | D:4      | Reached skill level 4 in Stealth
   962 | D:4      | Reached XP level 5. HP: 33/33 MP: 7/7
  1023 | D:4      | Found a glowing golden altar of the Shining One.
  1079 | D:4      | Found a white marble altar of Elyvilon.
  1211 | D:4      | Reached skill level 5 in Stealth
  1352 | D:4      | Reached XP level 6. HP: 26/38 MP: 9/9
  1531 | D:5      | Entered Level 5 of the Dungeon
  1585 | D:5      | Found a deep blue altar of Sif Muna.
  1585 | D:5      | Noticed Duvessa
  1719 | D:5      | Reached skill level 6 in Stealth
  1785 | D:5      | Noticed an ice beast
  1812 | D:5      | Noticed Dowan
  1964 | D:5      | Got an ancient dagger
  1965 | D:5      | Identified the +11 dagger of the Apocalypse {flame, rC+ MR++} (You found it on level 5 of the Dungeon)
  2039 | D:5      | Killed an ice beast
  2039 | D:5      | Reached XP level 7. HP: 43/43 MP: 10/10
  2109 | D:5      | Gained mutation: You are partially covered in rugged brown scales (AC +1, +3% HP). [potion of mutation]
  2109 | D:5      | Gained mutation: You are clumsy. (Dex -2) [potion of mutation]
  2109 | D:5      | Gained mutation: Scrolls take you a little longer to read. [potion of mutation]
  2115 | D:5      | Killed Duvessa
  2115 | D:5      | Reached skill level 5 in Dodging
  2115 | D:5      | Killed Dowan
  2365 | D:5      | Reached skill level 7 in Stealth
  2606 | D:6      | Found Vipsilyvo's General Store.
  2995 | D:6      | Found a bloodstained altar of Trog.
  3022 | D:6      | Noticed M4edhros's ghost (novice OpAr)
  3049 | D:7      | Found an opulent altar of Gozag.
  3147 | D:7      | Reached XP level 8. HP: 49/49 MP: 11/11
  3197 | D:7      | Found a staircase to the Ecumenical Temple.
  3215 | Temple   | Entered the Ecumenical Temple
  3232 | Temple   | Became a worshipper of Fedhas Madash
  3304 | D:6      | Killed M4edhros's ghost
  3304 | D:6      | Reached skill level 8 in Stealth
  3448 | D:2      | Found a sacrificial altar of Ru.
  3663 | D:2      | Reached skill level 9 in Stealth
  3895 | D:3      | Found a shimmering altar of Xom.
  4003 | D:3      | Reached * piety under Fedhas
  4618 | D:6      | Noticed a deep elf mage
  4621 | D:6      | Killed a deep elf mage
  4621 | D:6      | Reached skill level 10 in Stealth
  4621 | D:6      | Reached XP level 9. HP: 54/54 MP: 12/12
  4695 | D:7      | Noticed Pikel
  4928 | D:6      | Killed Pikel
  4988 | D:7      | Reached skill level 11 in Stealth
  5005 | D:7      | Found Gozag's Platinum Reserve.
  5091 | D:7      | Found a stormy altar of Qazlal.
  5094 | D:7      | Found a snail-covered altar of Cheibriados.
  5097 | D:7      | Found a shadowy altar of Dithmenos.
  5112 | D:7      | Found a sparkling altar of Nemelex Xobeh.
  5240 | D:7      | Reached skill level 1 in Invocations
  5475 | D:7      | Reached skill level 5 in Short Blades
  5561 | D:7      | Found a blossoming altar of Fedhas.
  5621 | D:7      | Reached XP level 10. HP: 59/59 MP: 13/13
  5914 | D:8      | Reached ** piety under Fedhas
  5926 | D:8      | Found Zurhum's Antique Armour Shop.
  6216 | D:8      | Reached skill level 12 in Stealth
  6380 | D:8      | Found Posuz's Gadget Emporium.
  6389 | D:8      | Bought a box of beasts for 220 gold pieces
  6507 | D:8      | Found Wufytiecw's Weapon Boutique.
  6618 | D:8      | Found Zuiptaboe's Book Shop.
  6943 | D:8      | Found Cudiegamn's Antique Armour Shoppe.
  6948 | D:8      | Bought a shield for 121 gold pieces
  6981 | D:8      | You fall through a shaft for 2 floors!
  6981 | D:10     | Entered Level 10 of the Dungeon
  7123 | D:10     | Noticed Joseph
  7126 | D:10     | Reached skill level 1 in Shields
  7134 | D:10     | Killed Joseph
  7672 | D:10     | Noticed a hill giant
  7682 | D:10     | Killed a hill giant
  8059 | D:10     | Reached skill level 5 in Shields
  8444 | D:9      | Noticed Grum
  8447 | D:9      | Killed Grum
  8688 | D:9      | Reached XP level 11. HP: 56/64 MP: 14/14
  8712 | D:9      | Found Voxary's Gadget Emporium.
  8785 | D:9      | Found a staircase to the Lair.
  9405 | D:11     | Reached *** piety under Fedhas
  9750 | D:11     | Found a roughly hewn altar of Beogh.
 10260 | D:11     | Noticed a cyclops
 10553 | D:11     | Learned a level 3 spell: Regeneration
 10770 | D:11     | Reached skill level 10 in Shields
 10774 | D:11     | Killed a cyclops
 11216 | D:11     | Shot with an arrow by a centaur

Vault maps used:
D:1:      dpeg_arrival_rooms_c
D:2:      nicolae_ru_the_path_less_chosen
D:3:      marbit_many_paths
D:4:      kennysheep_mini, lemuel_doored_altar, grunt_temple_overflow_open,
          first_bread
D:5:      basic_altar, uniq_duvessa
D:6:      bloody_trog, serial_shops, shop, guppyfry_early_elven_hall
D:7:      kennysheep_little_box, grunt_temple_overflow_diamond,
          nicolae_gozag_zags_fifth_avenue, minmay_temple_entry_junction,
          serial_bayou, serial_bayou_ford_a, serial_bayou_shore_a,
          serial_bayou_pond_d, serial_bayou_crossing, grunt_ogre_cave,
          fedhas_bush_and_centaur_altar, uniq_pikel
D:8:      serial_shops, shop, nicolae_shop_statue_plus, shop_coins,
          nicolae_shop_waterfront, shop, solitary_fountain
D:9:      david_lair_generic, serial_shops, shop, uniq_grum
D:10:     uniq_joseph
D:11:     special_room, serial_ice, serial_ice_e, serial_ice_a, serial_ice_i,
          serial_ice_f, serial_ice_n, serial_ice_d, minmay_tree_intersection,
          kennysheep_cross_bottleneck, minivault_14, patterned_corridor
Temple:   temple_eino_lava_8

Action                   |  1- 3 |  4- 6 |  7- 9 | 10-12 || total
-------------------------+-------+-------+-------+-------++-------
Melee: Short sword       |    47 |    59 |       |       ||   106
       Dagger            |    28 |       |   142 |   318 ||   488
Invok: Evolution         |       |       |     2 |     7 ||     9
Evoke: Wand              |     4 |     6 |    20 |    38 ||    68
  Use: Potion            |     1 |     2 |     3 |     9 ||    15
       Scroll            |     1 |       |     3 |     5 ||     9
 Stab: Sleeping          |     9 |    10 |    13 |    21 ||    53
       Paralysed         |     2 |       |       |     1 ||     3
       Distracted        |       |       |     4 |     1 ||     5
       Invisible         |       |       |     4 |       ||     4
       Confused          |       |       |       |     5 ||     5
  Eat: Chunk             |       |     3 |     4 |       ||     7
       Bread ration      |       |       |     2 |     4 ||     6
